 Dungeon Crawl Stone Soup version 0.21-a0-513-gdcb3f5e (webtiles) character file.

219 slep the Chopper (level 5, -3/46 HPs)
             Began as a Minotaur Gladiator on Dec 3, 2017.
             Slain by an iguana (10 damage)
             ... on level 4 of the Dungeon.
             The game lasted 00:08:39 (2495 turns).

slep the Chopper (Minotaur Gladiator)               Turns: 2495, Time: 00:08:40

Health: -3/46      AC:  7    Str: 19    XL:     5   Next: 64%
Magic:  4/4        EV:  7    Int:  5    God:
Gold:   76         SH: 11    Dex: 12    Spells: 4/4 levels left

rFire    . . .     SeeInvis .   a - +0 war axe
rCold    . . .     Gourm    .   w - +0 large shield
rNeg     . . .     Faith    .   h - +0 ring mail
rPois    .         Spirit   .   c - +0 hat
rElec    .         Reflect  .   (no cloak)
rCorr    .         Harm     .   n - +1 pair of gloves
MR       .....                  (no boots)
Stlth    +.........             (no amulet)
HPRegen  0.15/turn              (no ring)
MPRegen  0.09/turn              (no ring)

@: no status effects
A: retaliatory headbutt, horns 2
a: no special abilities


You were on level 4 of the Dungeon.
You were near starving.

You visited 1 branch of the dungeon, and saw 4 of its levels.

You collected 76 gold pieces.

Inventory:

Hand Weapons
 a - a +0 war axe (weapon)
Missiles
 d - 3 throwing nets (quivered)
Armour
 b - a +0 leather armour
 c - a +0 hat (worn)
 h - a +0 ring mail (worn)
 n - a +1 pair of gloves (worn)
 w - a +0 large shield (worn)
Scrolls
 e - 3 scrolls of remove curse {unknown}
 j - 3 scrolls of teleportation {unknown}
 k - a scroll of identify {unknown}
 l - a scroll of immolation {unknown}
 q - a scroll of fear {unknown}
 s - a scroll of blinking {unknown}
 t - a scroll of enchant armour {unknown}
 u - a scroll of enchant weapon {unknown}
Potions
 m - 2 potions of cancellation {unknown}
 o - a potion of resistance {unknown}
 p - 2 potions of ambrosia {unknown}
 v - 2 potions of might {unknown}
 x - a potion of lignification
Comestibles
 f - 4 bread rations
 g - 5 fruits
 i - a royal jelly
 r - 2 meat rations


   Skills:
 + Level 4.1 Fighting
 + Level 5.6 Axes
 + Level 2.5 Throwing
 + Level 2.0 Armour
 + Level 4.0 Dodging


You had 4 spell levels left.
You didn't know any spells.

Dungeon Overview and Level Annotations

Branches:
Dungeon (4/15)
 Temple: D:4-7

Altars:
Fedhas
Nemelex Xobeh


Innate Abilities, Weirdness & Mutations

You reflexively headbutt those who attack you in melee.
You have a pair of horns on your head.


Message History

You slash the orc!
You kill the orc!
The orc priest hits you. The orc hits you but does no damage. x2
The orc priest calls down the wrath of Beogh upon you.
Beogh smites you! You block the iguana's attack.
The orc priest calls upon Beogh to heal the orc priest.
The orc priest's wounds heal themselves!
The orc hits you but does no damage.
You hit the orc priest.
The orc priest is heavily wounded.
You hit the orc priest but do no damage.
You hit the orc but do no damage. You hit the orc.
You kill the orc!
Your Armour skill increases to level 2!
You hit the iguana.
The orc priest mumbles some strange prayers to Beogh against you.
Pain shoots through your body!
* * * LOW HITPOINT WARNING * * *
The orc hits you but does no damage. The iguana bites you!
You die...

...>...........
###'##......###+######.
.....#......#..........
.....#......#.........
.....+......'.......#
#....#......#.......#
#....#......#.......#
.....#......#...o...+
.....#......#..)@o..#
.....#......#..l)o..#
.....#......#.......#
.....#......#...%...#
.....#......#.......# .
#......#.......#
######......#...#####
............#...
............#


You could see an iguana, 2 orc priests and an orc.

Vanquished Creatures
  Jessica (D:3)
  Natasha (twice) (D:2)
  Robin (D:2)
  3 gnolls (D:2)
  An adder (D:2)
  A worm (D:2)
  2 dart slugs
  3 leopard geckos
  4 orcs
  A ball python (D:1)
  7 bats
  2 giant cockroaches
  14 goblins
  7 hobgoblins
  3 jackals (D:2)
  4 kobolds
  2 quokkas
  3 frilled lizards
  24 rats
85 creatures vanquished.

Notes
Turn   | Place    | Note
-------+----------+-------------------------------------------
     0 | D:1      | slep the Minotaur Gladiator began the quest for the Orb.
     0 | D:1      | Reached XP level 1. HP: 18/18 MP: 0/0
    83 | D:1      | Reached skill level 4 in Axes
    83 | D:1      | Reached XP level 2. HP: 25/25 MP: 1/1
   765 | D:2      | Found a faded altar of an unknown god.
   792 | D:2      | Reached XP level 3. HP: 30/30 MP: 2/2
   827 | D:2      | Noticed Robin
   840 | D:2      | HP: 1/30 [gnoll (3)]
   846 | D:2      | Reached XP level 4. HP: 5/37 MP: 3/3
   849 | D:2      | Killed Robin
   849 | D:2      | Reached skill level 5 in Axes
   849 | D:2      | Reached skill level 1 in Armour
   994 | D:2      | Noticed Natasha
  1001 | D:2      | Killed Natasha
  1126 | D:2      | Noticed Natasha
  1132 | D:2      | Killed Natasha
  1132 | D:2      | Reached XP level 5. HP: 27/46 MP: 4/4
  1561 | D:3      | Found a blossoming altar of Fedhas.
  1561 | D:3      | Noticed Jessica
  1567 | D:3      | Killed Jessica
  1775 | D:3      | Found a sparkling altar of Nemelex Xobeh.
  2495 | D:4      | Slain by an iguana

Vault maps used:
D:1:      ncdulo_halloftheorcs
D:2:      chequers_ecumenical_altar_simple, minmay_rat_hole, uniq_natasha,
          uniq_robin
D:3:      cheibrodos_old_hovel, fedhas_altar_1, marbit_many_paths, uniq_jessica

Skill      XL: |  1  2  3  4  5 |
---------------+----------------+-----
Axes           | 4 5 |  5.6
Armour         | 1 2 |  2.0
Fighting       | 4 |  4.1
Dodging        | 4 |  4.0
Throwing       | |  2.5

Action                   |  1- 3 |  4- 6 || total
-------------------------+-------+-------++-------
Melee: War axe           |    45 |    68 ||   113
       Headbutt          |     7 |     7 ||    14
  Use: Potion            |     2 |       ||     2
  Eat: Chunk             |       |     3 ||     3
Armor: Ring mail         |    18 |    22 ||    40
       Leather armour    |     3 |       ||     3
       Skin              |     2 |     8 ||    10
Dodge: Dodged            |    38 |    46 ||    84
Block: Large shield      |       |     3 ||     3

Table legend:
 A = Spawn XP
 B = Non-spawn XP
 C = Spawn XP percentage of total XP
 D = Spawn monster count
 E = Non-spawn monster count
 F = Spawn count percentage of total count
 G = Total turns spent on level
                    A         B        C        D         E        F      G
               +---------+---------+-------+---------+---------+-------+---------
         Total |       0 |     314 |   0.0 |       0 |      85 |   0.0 |  2495
               +---------+---------+-------+---------+---------+-------+---------
           D:1 |       0 |      25 |   0.0 |       0 |      13 |   0.0 |   612
           D:2 |       0 |     216 |   0.0 |       0 |      52 |   0.0 |  1192
           D:3 |       0 |      67 |   0.0 |       0 |      18 |   0.0 |   477
           D:4 |       0 |       6 |   0.0 |       0 |       2 |   0.0 |   214
               +---------+---------+-------+---------+---------+-------+---------
